 Dungeon Crawl Stone Soup version 0.24.0-1-gfbc8707122 (webtiles) character file.

Game seed: 6808738482196246716, levelgen mode: deterministic

44 Aviak the Insei (level 3, -3/23 HPs)
             Began as an Octopode Transmuter on Oct 27, 2019.
             Slain by an adder (5 damage)
             ... on level 2 of the Dungeon.
             The game lasted 00:01:53 (1449 turns).

Aviak the Insei (Octopode Transmuter)               Turns: 1449, Time: 00:01:53

Health: -3/23      AC:  1    Str:  9    XL:     3   Next: 62%
Magic:  6/6        EV: 19    Int: 15    God:
Gold:   39         SH:  0    Dex: 18    Spells: 5/6 levels left

rFire    . . .     SeeInvis .     - Unarmed
rCold    + . .     Gourm    .   (no shield)
rNeg     . . .     Faith    .   (helmet restricted)
rPois    .         Spirit   .   (no amulet)
rElec    .         Reflect  .   C - ring of protection from cold
rCorr    .         Harm     .   (no ring)
MR       .....                  (no ring)
Stlth    ++++......             (no ring)
HPRegen  0.07/turn              (no ring)
MPRegen  0.10/turn              (no ring)
                                (no ring)
                                (no ring)

@: agile, appendage
A: almost no armour, stealthy swim, amphibious, 8 rings, constrict 8, tentacle
spike 3, camouflage 1, gelatinous body 1
a: End Transformation


You were on level 2 of the Dungeon.
You were not hungry.
One of your tentacles had a temporary spike.
You visited 1 branch of the dungeon, and saw 2 of its levels.

You collected 39 gold pieces.

Inventory:

Missiles
 a - 12 arrows
Jewellery
 C - a ring of protection from cold (left tentacle)
Scrolls
 e - 2 scrolls of identify {unknown}
Potions
 b - 2 potions of heal wounds {unknown}
Comestibles
 c - 4 rations


   Skills:
 + Level 1.5 Fighting
 * Level 2.8 Dodging
 + Level 3.2 Unarmed Combat
 + Level 2.3 Spellcasting
 + Level 2.3 Transmutations


You had 5 spell levels left.
You knew the following spells:

 Your Spells              Type           Power        Failure   Level  Hunger
a - Beastly Appendage     Tmut           #.....       9%          1    #......

Your spell library contained the following spells:

 Spells                   Type           Power        Failure   Level  Hunger
 Sticks to Snakes         Tmut           #.......     12%         2    ###....
 Spider Form              Tmut/Pois      #.........   36%         3    ###....
 Ice Form                 Ice/Tmut       #.......     78%         4    #####..
 Blade Hands              Tmut           #.........   92%         5    ######.


Dungeon Overview and Level Annotations

Branches:
Dungeon (2/15)

Altars:


Innate Abilities, Weirdness & Mutations

You cannot wear most types of armour.
You are very stealthy in the water. (Stealth+)
You are amphibious.
You can wear up to eight rings at the same time.
You can use your tentacles to constrict eight enemies at once.
Your skin changes colour to match your surroundings (Stealth+).
Your rubbery body absorbs attacks. (AC +1, EV +1)
One of your tentacles bears a large vicious spike.


Message History

The adder hisses angrily.
The adder bites you but does no damage.
You tentacle-slap the goblin. Your grab misses the goblin.
Your tentacle spike misses the goblin.
The goblin is severely wounded.
The goblin drinks a potion.
The goblin is healed!
The adder bites you.
You miss the goblin. Your grab misses the goblin.
The goblin hits you with a +0 spear. The adder closely misses you.
You barely miss the adder. Your grab misses the adder.
Your tentacle spike misses the adder.
The adder bites you. The goblin misses you.
You completely miss the goblin. Your grab misses the goblin.
You pierce the goblin.
The goblin is severely wounded.
The adder barely misses you. The goblin hits you with a +0 spear.
* * * LOW HITPOINT WARNING * * *
It was a potion of agility.
You feel agile all of a sudden. The adder bites you.
You die...

#... ..# ..#
##..# #
.#.######.
#.##.........
#....gS......
#.@# #..# ##..#
# #...#.####
#.#.#.#..
#.....#.#
#...###.#######
#......).......
#........######


You could see an adder and a goblin.

Vanquished Creatures
  3 adders (D:2)
  A dart slug (D:1)
  A ball python (D:2)
  2 goblins
  A hobgoblin (D:1)
  A kobold (D:1)
  4 bats
  A frilled lizard (D:1)
  5 rats (D:1)
19 creatures vanquished.

Notes
Turn   | Place    | Note
-------+----------+-------------------------------------------
     0 | D:1      | Aviak the Octopode Transmuter began the quest for the Orb.
     0 | D:1      | Reached XP level 1. HP: 13/13 MP: 3/3
   217 | D:1      | Reached XP level 2. HP: 18/18 MP: 5/5
   915 | D:2      | Reached XP level 3. HP: 13/23 MP: 6/6
  1449 | D:2      | Slain by an adder

Levels and vault maps discovered:
D:1:      dpeg_arrival_boxes_within_box, layout_loops_cross,
          minmay_crystal_water, nrook_mini_vaults
D:2:      layout_loops_ring

Action                   || total
-------------------------++-------
Melee: Unarmed           ||    49
       Constrict         ||    12
       Tentacles         ||     4
       Kick              ||     2
       Punch             ||     1
 Cast: Beastly Appendage ||     3
  Use: Potion            ||     1
 Stab: Sleeping          ||     6
  Eat: Chunk             ||     2
Armor: Skin              ||     6
Dodge: Dodged            ||    24
